Map: Ascension to Aiur LE

Players

omegabanana - Winner!

  • Race: Protoss Protoss
  • League: Gold
  • Spawn Location: 11:00

PandaBearMe

  • Race: Zerg Zerg
  • League: Master
  • Spawn Location: 5:00

VOD

https://go.twitch.tv/videos/186074637

Description

Time

  • Played on: Oct. 29, 2017, 2:53 p.m.
  • Length: 7:26
Show
View Real Time Build Order
Export as new Build Order

omegabanana Protoss - Winner!

Build Orders: 1 Gate Expand, Zealot Archon 

Get SALT Encoding   

  12  0:01  Probe (Chrono Boost)  
  13  0:11  Probe (Chrono Boost)  
  14  0:17  Pylon  
  14  0:22  Probe (Chrono Boost)  
  15  0:36  Probe (Chrono Boost)  
  15  0:39  Gateway  
  16  0:44  Assimilator  
  16  0:46  Probe (Chrono Boost)  
  18  0:57  Probe (Chrono Boost)  
  18  1:07  Probe (Chrono Boost)  
  19  1:21  Nexus  
  19  1:26  Probe (Chrono Boost)  
  20  1:33  Cybernetics Core  
  20  1:37  Probe (Chrono Boost)  
  21  1:41  Assimilator  
  21  1:47  Probe (Chrono Boost)  
  21  1:52  Pylon  
  22  1:58  Probe (Chrono Boost)  
  23  2:11  Warp Gate, Stalker (Chrono Boost)  
  23  2:14  Probe  
  26  2:26  Probe (Chrono Boost)  
  27  2:33  Mothership Core (Chrono Boost)  
  29  2:38  Probe (Chrono Boost)  
  30  2:48  Twilight Council, Probe (Chrono Boost)  
  31  2:53  Probe (Chrono Boost)  
  32  2:59  Probe (Chrono Boost)  
  32  3:03  Probe (Chrono Boost)  
  32  3:04  Robotics Facility  
  34  3:10  Probe (Chrono Boost)  
  35  3:14  Probe (Chrono Boost)  
  35  3:15  Charge (Chrono Boost)  
  36  3:20  Probe (Chrono Boost)  
  36  3:23  Probe (Chrono Boost)  
  38  3:31  Probe  
  38  3:33  Probe  
  39  3:35  Gateway x2  
  39  3:38  Gateway  
  40  3:43  Probe  
  40  3:44  Probe  
  42  3:49  Pylon  
  42  3:51  Warp Prism (Chrono Boost)  
  42  3:54  Assimilator  
  44  3:57  Assimilator  
  44  4:00  Probe  
  44  4:01  Probe  
  46  4:05  Pylon  
  46  4:13  Probe  
  46  4:15  Pylon  
  47  4:18  Probe  
  47  4:21  Pylon  
  47  4:23  Warp Prism (Chrono Boost)  
  50  4:35  Zealot x3  
  50  4:37  Zealot  
  58  4:39  Probe  
  58  4:40  Probe  
  60  4:47  Templar Archives  
  60  5:00  Zealot x4  
  68  5:11  Probe  
  67  5:22  Zealot x4  
  67  5:24  Probe  
  68  5:34  Pylon  
  64  5:46  High Templar x2, Probe  
  64  5:47  High Templar x2  
  69  5:51  Nexus  
  69  5:53  Pylon, Archon x2  
  69  5:59  Probe  
  69  6:00  Forge  
  70  6:22  Zealot x4  
  70  6:23  Probe x2  
  74  6:35  Probe x2  
  74  6:36  Gateway  
  74  6:38  Gateway  
  76  6:41  Gateway  
  76  6:43  Zealot x4  
  84  6:54  Probe x2  
  78  6:56  Gateway  
  78  7:07  Zealot x4, Probe  
Show
View Real Time Build Order
Export as new Build Order

PandaBearMe Zerg 

Build Orders: Hatch First 

Get SALT Encoding   

  12  0:01  Drone  
  13  0:12  Overlord  
  13  0:18  Drone  
  14  0:31  Drone x2  
  16  0:49  Hatchery  
  15  0:53  Drone  
  17  0:57  Drone  
  17  0:59  Drone  
  18  1:04  Extractor  
  17  1:15  Spawning Pool  
  17  1:18  Drone  
  17  1:20  Drone  
  18  1:30  Drone  
  19  1:41  Drone  
  20  1:49  Overlord  
  20  2:01  Queen x2  
  20  2:03  Metabolic Boost  
  20  2:05  Drone  
  25  2:09  Drone  
  25  2:11  Drone  
  25  2:14  Drone  
  28  2:21  Drone  
  28  2:22  Drone  
  30  2:41  Hatchery  
  29  2:45  Zergling x4  
  29  2:48  Pneumatized Carapace  
  31  2:56  Overlord  
  31  2:58  Overlord  
  31  3:15  Drone  
  31  3:16  Drone x2  
  31  3:19  Drone x6  
  40  3:20  Drone  
  41  3:29  Queen  
  43  3:34  Overlord, Drone  
  43  3:48  Overlord  
  43  3:53  Drone  
  43  3:54  Drone x4  
  48  4:05  Overlord  
  48  4:06  Lair  
  48  4:10  Queen  
  48  4:11  Evolution Chamber, Queen  
  48  4:14  Drone x2  
  48  4:15  Drone x3  
  56  4:21  Drone x4  
  60  4:26  Spore Crawler  
  60  4:28  Spore Crawler  
  58  4:36  Overlord, Zergling x8  
  58  4:38  Zergling x2  
  63  4:40  Zergling x2  
  63  4:43  Zerg Melee Weapons Level 1  
  63  4:45  Spore Crawler  
  63  4:46  Extractor  
  63  4:47  Drone  
  63  4:55  Overlord  
  63  4:56  Zergling x2  
  64  5:01  Zergling x2  
  64  5:02  Zergling x14  
  72  5:07  Baneling Nest  
  72  5:08  Zergling x2  
  72  5:10  Zergling x2  
  68  5:16  Zergling x2  
  68  5:18  Zergling x8  
  68  5:19  Zergling x4  
  68  5:20  Zergling x4  
  73  5:25  Zergling x2  
  67  5:28  Zergling x2  
  67  5:29  Zergling x4  
  67  5:33  Queen  
  67  5:34  Zergling x2  
  72  5:39  Zergling x2  
  68  5:43  Overlord  
  68  5:44  Drone  
  68  5:47  Drone x2  
  69  6:00  Spine Crawler  
  69  6:04  Drone  
  69  6:06  Zergling x6  
  70  6:12  Queen  
  70  6:15  Queen  
  70  6:18  Overlord  
  65  6:26  Overlord  
  65  6:28  Zergling x14  
  65  6:30  Baneling x3  
  65  6:31  Baneling x3  
  66  6:32  Zergling x2  
  66  6:36  Zergling x4  
  60  6:41  Zergling x2  
  60  6:42  Zergling x4  
  62  6:53  Zergling x2  
  57  6:54  Baneling x2  
  57  6:55  Baneling x2  
  54  7:03  Zergling x6  
  54  7:05  Zergling x4  
  54  7:06  Zergling x6  
Tags
 
Add a new tag
Caveats
  • Supply blocks, unpowered buildings, or Contaminate may cause inaccurate times.
  • Supply counts are checked every 10 seconds.